 Dungeon Crawl Stone Soup version 0.29.0-4-gdea44cf6ec (webtiles) character file.

Game seed: 6163499744078870488

88 qw the Ruffian (level 4, -4/35 HPs)
             Began as a Ghoul Fire Elementalist on Aug 29, 2022.
             Killed by divine providence
             ... invoked by an orc priest
              (15 damage)
             ... on level 3 of the Dungeon.
             The game lasted 00:02:30 (2742 turns).

qw the Ruffian (Ghoul Fire Elementalist)            Turns: 2742, Time: 00:02:30

Health: -4/35      AC:  5    Str: 13    XL:     4   Next: 54%
Magic:  5/5        EV: 10    Int: 10    God:
Gold:   136        SH:  0    Dex:  9    Spells: 5/6 levels left

rFire   . . .      SeeInvis .     - Unarmed
rCold   + . .      Faith    .   (no shield)
rNeg    + + +      Spirit   .   e - +0 ring mail
rPois   inf        Reflect  .   (no helmet)
rElec   .          Harm     .   (no cloak)
rCorr   .          Rampage  .   (no gloves)
Will    .....                   (no boots)
Stlth   +.........              (no amulet)
HPRegen 0.00/turn               (no ring)
MPRegen 0.09/turn               (no ring)

@: inhibited regen
A: claws 1, cold resistance 1, negative energy resistance 3, inhibited
regeneration, torment resistance 2, devour on kill
a: no special abilities


You were on level 3 of the Dungeon.
You visited 1 branch of the dungeon, and saw 3 of its levels.

You collected 136 gold pieces.


Innate Abilities, Weirdness & Mutations

You are immune to poison.
You have sharp fingernails.
Your flesh is cold resistant. (rC+)
You are immune to negative energy. (rN+++)
You do not regenerate when monsters are visible.
You are immune to unholy pain and torment.
You thrive by killing the living.


   Skills:
 + Level 1.5 Fighting
 - Level 1.7 Dodging
 - Level 2.1 Stealth
 - Level 4.0 Unarmed Combat
 - Level 1.7 Spellcasting
 - Level 0.7 Conjurations
 - Level 2.4 Fire Magic


You had 5 spell levels left.
You knew the following spells:

 Your Spells              Type           Power      Damage    Failure   Level
a - Foxfire               Conj/Fire      16%        2x1d4     36%         1

Your spell library contained the following spells:

 Spells                   Type           Power      Damage    Failure   Level
 Scorch                   Fire           10%        2d5       36%         2
 Conjure Flame            Conj/Fire      4%         6-21      73%         3
 Inner Flame              Hex/Fire       3%         N/A       78%         3
 Flame Wave               Conj/Fire      4%         2d5       98%         4

Inventory:

Armour
 e - a +0 ring mail (worn)
Scrolls
 d - 2 scrolls of identify
Potions
 a - a potion of attraction {unknown}
 b - 2 potions of heal wounds
 c - a potion of brilliance {unknown}
 f - 2 potions of curing {unknown}
 g - a potion of haste
 h - a potion of degeneration {unknown}
 i - a potion of might {unknown}

Dungeon Overview and Level Annotations

Branches:
Dungeon (3/15)

Altars:

Annotations:
D:3 3 runed translucent doors, qw's ghost, amateur TeWr


Message History

The hobgoblin is heavily wounded.
The hobgoblin closely misses you.
You closely miss the hobgoblin.
The hobgoblin is heavily wounded.
The hobgoblin closely misses you.
You scratch the hobgoblin.
The hobgoblin is severely wounded.
The hobgoblin barely misses you.
You scratch the hobgoblin.
You kill the hobgoblin!
Found a stone staircase leading up.
Enter note:
Enter note:
Enter note: You see here 6 stones.
i - a dark potion
Enter note: You open the door.
An orc priest and 3 orcs come into view.
An orc is wielding a +0 vampiric short sword.
The orc shouts! x2; The orc priest shouts!
The orc priest hits you but does no damage.
There is an open door here.
The orc priest barely misses you.
You closely miss the orc priest.
The orc priest hits you with a +0 trident.
You scratch the orc priest but do no damage.
The orc priest hits you with a +0 trident.
You barely miss the orc priest. You scratch the orc priest.
Your claw misses the orc priest.
The orc priest is moderately wounded.
You closely miss the orc.
The orc priest hits you from afar with a +0 trident!
You scratch the orc but do no damage. You claw the orc.
The orc is almost dead.
The orc hits you with a +0 vampiric short sword.
An orc comes into view. It is wielding a +0 morningstar.
The orc priest calls down the wrath of Beogh upon you.
Beogh smites you!
You die...

..## .#.#.#.#.#
...# .......#.#
~..# #.#.#.###.#
~..# # #.#+###.#
..># #....##.# ...#
. ##.......# .#.#
o.. ##.......##
...####
#....####.........#
.......
....ooo@'.........+
.#####
##..o####.........#
..# #. ##.......##
#.# ##.....## #.#
##...## #.# #+##
#.# #.# ..#


You could see an orc priest and 4 orcs.

Vanquished Creatures
  2 adders (D:2)
  3 worms (D:3)
  3 orcs (D:3)
  6 endoplasms
  4 giant cockroaches (D:1)
  3 goblins
  6 hobgoblins
  4 kobolds
  A quokka (D:1)
  8 ball pythons
  6 bats
  3 frilled lizards
  8 rats
57 creatures vanquished.

Notes
Turn   | Place    | Note
-------+----------+-------------------------------------------
     0 | D:1      | qw the Ghoul Fire Elementalist began the quest for the Orb.
     0 | D:1      | Reached XP level 1. HP: 14/14 MP: 2/2
     0 | D:1      | 0 ||| qw: Version: 0.1-a-90-g952f4b7
     0 | D:1      | 0 ||| qw: Game counter: 3904
     0 | D:1      | 0 ||| qw: Always use a shield: true
     0 | D:1      | 0 ||| qw: God list: Okawaru
     0 | D:1      | 0 ||| qw: Allow faded altars: false
     0 | D:1      | 0 ||| qw: Do Orc after D:15 true
     0 | D:1      | 0 ||| qw: Do second Lair branch before Depths: true
     0 | D:1      | 0 ||| qw: Lair rune preference: random
     0 | D:1      | 0 ||| qw: Plans: Normal
     0 | D:1      | 0 ||| PLANNING D:1-11
   105 | D:1      | Reached skill level 1 in Unarmed Combat
   232 | D:1      | Reached skill level 1 in Fighting
   232 | D:1      | Reached XP level 2. HP: 23/23 MP: 3/3
   277 | D:1      | 277 ||| Stepping ~*~*~tactically~*~*~ (outnumbered).
   345 | D:1      | 345 ||| Stepping ~*~*~tactically~*~*~ (outnumbered).
   346 | D:1      | 346 ||| Stepping ~*~*~tactically~*~*~ (outnumbered).
   416 | D:1      | Reached skill level 2 in Unarmed Combat
   441 | D:1      | Found a faded altar of an unknown god.
   586 | D:1      | 586 ||| UPGRADING to +0 ring mail.
   596 | D:1      | 596 ||| DROPPING +0 robe.
   597 | D:1      | 597 ||| READING scroll labelled XIXAT WIOSTROP.
   598 | D:1      | 598 ||| READING scroll labelled YGRUPIENGE.
   599 | D:1      | 599 ||| READING scroll labelled ECROIT YRR.
   600 | D:1      | 600 ||| DROPPING potion of magic.
   655 | D:2      | Reached XP level 3. HP: 25/28 MP: 4/4
   655 | D:2      | 655 ||| FLEEEEING.
   656 | D:2      | 656 ||| FLEEEEING.
   657 | D:2      | 657 ||| FLEEEEING.
   658 | D:2      | 658 ||| FLEEEEING.
   660 | D:2      | 660 ||| STAIRDANCE
   787 | D:2      | Reached skill level 3 in Unarmed Combat
  1354 | D:2      | 1354 ||| READING scroll labelled TAILEE FEHEUNEAG.
  1358 | D:2      | 1358 ||| DRINKING 2 yellow potions.
  1359 | D:2      | 1359 ||| DRINKING 2 sapphire potions.
  1443 | D:1      | 1443 ||| Stepping ~*~*~tactically~*~*~ (stealth).
  1447 | D:1      | 1447 ||| Stepping ~*~*~tactically~*~*~ (stealth).
  1495 | D:1      | 1495 ||| Stepping ~*~*~tactically~*~*~ (stealth).
  1499 | D:1      | 1499 ||| Stepping ~*~*~tactically~*~*~ (stealth).
  1518 | D:1      | 1518 ||| Stepping ~*~*~tactically~*~*~ (stealth).
  1713 | D:3      | Reached XP level 4. HP: 35/35 MP: 5/5
  2334 | D:3      | Found a runed translucent gate.
  2334 | D:3      | Found a runed translucent gate.
  2334 | D:3      | Noticed qw's ghost (amateur TeWr)
  2335 | D:3      | Found a runed translucent gate.
  2379 | D:3      | Reached skill level 4 in Unarmed Combat
  2472 | D:3      | 2472 ||| Stepping ~*~*~tactically~*~*~ (stealth).
  2677 | D:3      | 2677 ||| Stepping ~*~*~tactically~*~*~ (stealth).
  2742 | D:3      | Killed from afar by an orc priest

Levels and vault maps discovered:
D:1:      dpeg_arrival_line_fractal, layout_basic,
          shapermc_ecumenical_altar_flowoftime
D:2:      layout_loops_ring, minmay_split_cup_small
D:3:      layout_loops_corners, elyvilon_altar_5, ebering_ghost_rock_garden,
          corexii_leaking_fountain, minivault_23

Skill      XL: |  1  2  3  4 |
---------------+-------------+-----
Unarmed Combat | 1 2 3 4 |  4.0
Fighting       | 1 |  1.5
Dodging        | |  1.7
Stealth        | |  2.1
Spellcasting   | |  1.7
Conjurations   | |  0.7
Fire Magic     | |  2.4

Action                   |  1- 3 |  4- 6 || total
-------------------------+-------+-------++-------
Melee: Unarmed           |   143 |    73 ||   216
       Punch             |     1 |     1 ||     2
  Use: Scroll            |     4 |       ||     4
       Potion            |     2 |       ||     2
 Stab: Sleeping          |       |     1 ||     1
Armor: Robe              |    11 |       ||    11
       Ring mail         |    35 |    22 ||    57
Dodge: Dodged            |    71 |    35 ||   106

Table legend:
 A = Non-vault XP
 B = Vault XP
 C = Vault XP percentage of total XP
 D = Non-vault monster count
 E = Vault monster count
 F = Vault count percentage of total count
                 A         B        C        D         E       F
            +---------+---------+-------+---------+---------+-------
      Total |     110 |      17 |  13.4 |      54 |       3 |   5.3
            +---------+---------+-------+---------+---------+-------
        D:1 |      37 |       0 |   0.0 |      24 |       0 |   0.0
        D:2 |      26 |      17 |  39.5 |      10 |       3 |  23.1
        D:3 |      47 |       0 |   0.0 |      20 |       0 |   0.0
            +---------+---------+-------+---------+---------+-------
